AoeStats
← rider57

Enclosed

506996714Analyzed
1v1 RM · 16d ago on Sep 16, 2026· 42m 49s· 2 players
Game mode
Random Map
Map size
Tiny (2 player)
Population
200
Speed
Normal
Resources
Standard
Victory
Conquest
Starting age
Dark Age
Ending age
Imperial Age
RankedLock teamsTeams togetherTeam positionsShared explorationLock speedFull tech treeHidden civsTurbo modeCheats
Victory
Defeat
🇨🇱 Goths · Chile
972
+16
🇮🇳 Persians · India
972
-16
943L
2:46 Loom
11:11 Feudal Age
15:16 Castle Age
13:34 Double-Bit Axe
14:38 Horse Collar
15:19 Stone Mining
17:59 Wheelbarrow
19:28 Town Watch
23:26 Bow Saw
23:45 Pikeman
29:04 Imperial Age
26:52 Gold Mining
27:39 Stone Shaft Mining
27:09 Heavy Plow
28:05 Town Patrol
28:02 Fletching
28:12 Pikeman
28:56 Scale Mail Armor
29:30 Halberdier
31:02 Forging
31:06 Squires
32:38 Two-Man Saw
32:20 Crop Rotation
32:50 Elite Skirmisher
34:07 Iron Casting
35:20 Chain Mail Armor
35:34 Ballistics
36:33 Blast Furnace
39:28 Bodkin Arrow
39:34 Padded Archer Armor
40:57 Chemistry
39:54 Murder Holes
41:19 Perfusion
41:44 Hand Cart
42:10 Conscription
41:52 Bracer
rider57
10:40 Feudal Age
11:03 Loom
14:36 Castle Age
13:00 Double-Bit Axe
16:31 Bloodlines
17:09 Horse Collar
23:44 Wheelbarrow
24:57 Scale Barding Armor
25:37 Forging
26:01 Husbandry
28:31 Iron Casting
28:32 Bow Saw
28:48 Gold Mining
34:41 Imperial Age
33:38 Chain Barding Armor
34:39 Fletching
34:59 Heavy Camel Rider
39:15 Blast Furnace
40:29 Heavy Plow
41:09 Hand Cart
41:42 Conscription
41:49 Stone Mining
Connection lost

Rejoining the realm…

Still unreachable

The connection could not be restored.

Session expired

The server has moved on; the page needs a fresh start.